 Dungeon Crawl Stone Soup version 0.21.1-1-g345015f (webtiles) character file.

5891 lysyklops the Cleaver (level 10, -13/92 HPs)
             Began as a Deep Dwarf Fighter on June 12, 2018.
             Was a Priest of Makhleb.
             Mangled by Snorg (15 damage)
             ... on level 10 of the Dungeon on June 13, 2018.
             The game lasted 00:55:36 (7539 turns).

lysyklops the Cleaver (Deep Dwarf Fighter)          Turns: 7539, Time: 00:55:38

Health: -13/92     AC: 12    Str: 23    XL:     10   Next: 53%
Magic:  9/9        EV:  7    Int:  9    God:    Makhleb [***...]
Gold:   552        SH: 12    Dex: 12    Spells: 9/9 levels left

rFire    + . .     SeeInvis .   a - +0 war axe
rCold    . . .     Gourm    +   c - +0 shield
rNeg     + . .     Faith    .   x - +2 chain mail {rF+}
rPois    .         Spirit   .   (no helmet)
rElec    .         Reflect  .   (no cloak)
rCorr    .         Harm     .   q - +0 pair of gloves
MR       +....                  (no boots)
Stlth    ..........             L - amulet of the gourmand
HPRegen  0.00/turn              o - ring of positive energy
MPRegen  0.11/turn              u - ring of stealth

@: non-regenerating
A: damage resistance, heal wounds, sense surroundings 2, no regeneration
a: Heal Wounds, Minor Destruction, Lesser Servant of Makhleb, Renounce Religion


You were on level 10 of the Dungeon.
You worshipped Makhleb.
Makhleb was most pleased with you.
You were not hungry.

You visited 1 branch of the dungeon, and saw 10 of its levels.

You collected 552 gold pieces.

Inventory:

Hand Weapons
 a - a +0 war axe (weapon)
 g - a +0 scimitar of flaming
 h - a +0 hunting sling
 z - a +4 quarterstaff of chaos
 C - a +5 flail
 J - a +4 mace
 N - a +0 whip of flaming
Armour
 b - a +0 scale mail
 c - a +0 shield (worn)
 m - a +0 ring mail
 q - a +0 pair of gloves (worn)
 x - a +2 chain mail of fire resistance (worn)
 Q - a +0 plate armour
Magical Staves
 H - an uncursed staff of summoning
Jewellery
 o - a ring of positive energy (left hand)
 u - a ring of stealth (right hand)
 L - an amulet of the gourmand (around neck)
Wands
 M - a wand of polymorph (15)
 P - a wand of disintegration (15)
Scrolls
 e - 5 scrolls of identify {unknown}
 i - 4 scrolls of teleportation {unknown}
 l - 5 scrolls of remove curse
 s - a scroll of random uselessness {unknown}
 v - a scroll of enchant weapon {unknown}
 w - 2 scrolls of enchant armour {unknown}
 y - 2 scrolls of noise {unknown}
 D - 2 scrolls of magic mapping {unknown}
 E - 3 scrolls of fog {unknown}
 F - a scroll of torment {unknown}
 G - 2 scrolls of amnesia {unknown}
 O - a scroll of acquirement {unknown}
Potions
 d - a potion of might
 j - a potion of mutation {unknown}
 k - a potion of haste {unknown}
 n - 2 potions of degeneration {unknown}
 p - 2 potions of heal wounds {unknown}
 r - a potion of cancellation {unknown}
 t - 4 potions of curing {unknown}
 A - a potion of brilliance {unknown}
 B - a potion of lignification {unknown}
 I - a potion of agility {unknown}
Books
 K - a book of Flames

   Spells                             Type                      Level
   a - Flame Tongue                   Conjuration/Fire             1
   b - Throw Flame                    Conjuration/Fire             2
   c - Conjure Flame                  Conjuration/Fire             3
   d - Inner Flame                    Hexes/Fire                   3
   e - Sticky Flame                   Conjuration/Fire             4
   f - Fireball                       Conjuration/Fire             5
Comestibles
 f - 14 rations


   Skills:
 + Level 6.3 Fighting
 + Level 11.9 Axes
 + Level 4.4 Armour
 - Level 0.1 Dodging
 + Level 9.8 Shields
 - Level 5.0 Invocations


You had 9 spell levels left.
You didn't know any spells.

Dungeon Overview and Level Annotations

Branches:
Dungeon (10/15)            Temple (0/1) D:7             Orc (0/2) D:10
   Lair: D:8-11

Altars:
Elyvilon
Gozag
Makhleb
Okawaru
Ru
Xom
Zin

Annotations:
D:10 Snorg


Innate Abilities, Weirdness & Mutations

You are resistant to damage.
You can heal yourself by infusing magical energy.
You passively map the area around you.
You do not regenerate.


Message History

You slice Snorg!!
Snorg is heavily wounded.
Snorg bites you but does no damage. Snorg claws you but does no damage. x2
You hit Snorg.
Snorg is heavily wounded.
Snorg goes berserk!
You slash Snorg!
Snorg is heavily wounded.
Snorg bites you!!
* * * LOW HITPOINT WARNING * * *
You block Snorg's attack. Snorg claws you!
* * * LOW HITPOINT WARNING * * *
You completely miss Snorg.
Snorg is heavily wounded.
Snorg bites you!
* * * LOW HITPOINT WARNING * * *
You block Snorg's attack. Snorg claws you!
* * * LOW HITPOINT WARNING * * *
Snorg bites you!
You die...

,,......, * , ......
, ......* ......#####
,..........#####
..............#
..........)..o# *####
............oT###...#
........######@.....#
........# #......# ,
.........* #...####
.........*#####...#
#####
,.........##...#...##
#...#
.....o...##........#
#...#
.........##........#
#...## , ,
###...)..#### ##...#
, ,
##.....##...#####...#


You could see Snorg (berserk), an orc priest and an orc.

Vanquished Creatures
  Pikel (D:7)
  The ghost of RottenKnight the Digger, a novice DrEE of Vehumet (D:6)
  2 trolls
  Grinder (D:3)
  A wraith (D:6)
  A vampire (D:9)
  2 humans (D:7)
  A water moccasin (D:6)
  An ice beast (D:5)
  2 slaves (D:7)
  2 phantoms (D:5)
  A sky beast (D:9)
  2 orc warriors
  2 black bears
  4 ogres
  2 centaurs
  A crocodile (D:8)
  5 bullfrogs
  6 killer bees
  3 scorpions (D:6)
  5 wights (D:6)
  2 howler monkeys (D:5)
  3 crimson imps
  7 hounds
  11 orc wizards
  3 orc priests
  Crazy Yiuf (D:3)
  A centaur skeleton (D:6)
  An iguana (D:8)
  Terence (D:3)
  6 worker ants
  A hound zombie (D:7)
  4 hound skeletons
  2 worker ant zombies
  5 adders
  2 shadow imps
  An ooze (D:1)
  An adder skeleton (D:6)
  4 worms
  A dart slug (D:1)
  4 leopard geckos
  35 orcs
  8 bats
  2 giant cockroaches
  6 goblins
  6 hobgoblins
  10 jackals
  7 quokkas
  A ball python (D:2)
  4 frilled lizards
  6 kobolds
  A quokka skeleton (D:5)
  A quokka zombie (D:9)
  8 rats
202 creatures vanquished.

Vanquished Creatures (collateral kills)
  An efreet (D:9)
  An ice beast (D:10)
  A wyvern skeleton (D:9)
  An orc priest (D:9)
  A worker ant (D:10)
  A shadow imp (D:9)
  A leopard gecko (D:9)
  An orc (D:9)
8 creatures vanquished.

Grand Total: 210 creatures vanquished

Notes
Turn   | Place    | Note
-------+----------+-------------------------------------------
     0 | D:1      | lysyklops the Deep Dwarf Fighter began the quest for the Orb.
     0 | D:1      | Reached XP level 1. HP: 20/20 MP: 1/1
   261 | D:1      | Reached skill level 3 in Axes
   261 | D:1      | Reached XP level 2. HP: 18/27 MP: 2/2
   545 | D:1      | Reached XP level 3. HP: 24/33 MP: 2/2
   590 | D:1      | Reached skill level 4 in Axes
   835 | D:2      | Found a burning altar of Makhleb.
   859 | D:2      | Reached XP level 4. HP: 19/40 MP: 3/3
   865 | D:2      | Became a worshipper of Makhleb the Destroyer
  1071 | D:2      | Reached skill level 5 in Axes
  1617 | D:3      | Reached XP level 5. HP: 15/46 MP: 3/3
  1723 | D:3      | Noticed Grinder
  1738 | D:3      | Paralysed by Grinder for 6 turns
  1751 | D:3      | Killed Grinder
  1751 | D:3      | Reached skill level 7 in Axes
  1751 | D:3      | Reached XP level 6. HP: 33/55 MP: 3/3
  1920 | D:3      | Noticed Terence
  1953 | D:3      | Killed Terence
  2114 | D:3      | Reached * piety under Makhleb
  2176 | D:3      | Found a runed door.
  2180 | D:3      | Noticed Crazy Yiuf
  2182 | D:3      | Killed Crazy Yiuf
  2661 | D:4      | Reached skill level 8 in Axes
  2665 | D:4      | Found an opulent altar of Gozag.
  2840 | D:4      | Reached XP level 7. HP: 38/61 MP: 4/4
  2858 | D:4      | Noticed a troll
  2875 | D:4      | Killed a troll
  2940 | D:5      | Entered Level 5 of the Dungeon
  2957 | D:5      | Reached skill level 5 in Shields
  2965 | D:5      | Reached skill level 9 in Axes
  3009 | D:5      | Reached XP level 8. HP: 23/68 MP: 5/5
  3216 | D:5      | Found a shimmering altar of Xom.
  3216 | D:5      | Noticed an angel
  3219 | D:5      | Found a glowing silver altar of Zin.
  3561 | D:5      | Reached ** piety under Makhleb
  3746 | D:6      | Reached skill level 10 in Axes
  3749 | D:6      | Noticed RottenKnight's ghost (novice DrEE)
  3776 | D:6      | Killed RottenKnight's ghost
  3810 | D:6      | Gained mutation: You passively map the area around you. [Deep Dwarf growth]
  3810 | D:6      | Reached XP level 9. HP: 40/76 MP: 8/8
  4382 | D:6      | Reached skill level 5 in Invocations
  4573 | D:6      | Found a sacrificial altar of Ru.
  4782 | D:7      | Found a white marble altar of Elyvilon.
  5093 | D:7      | Found a staircase to the Ecumenical Temple.
  5138 | D:7      | Found an iron altar of Okawaru.
  5156 | D:7      | Reached skill level 11 in Axes
  5162 | D:7      | Reached skill level 5 in Fighting
  5261 | D:7      | Noticed Pikel
  5301 | D:7      | Killed Pikel
  5301 | D:7      | Reached XP level 10. HP: 60/88 MP: 10/10
  5755 | D:8      | Reached *** piety under Makhleb
  6506 | D:9      | Found a sacrificial altar of Ru.
  7386 | D:10     | Entered Level 10 of the Dungeon
  7386 | D:10     | Found a staircase to the Orcish Mines.
  7517 | D:10     | Noticed Snorg
  7539 | D:10     | HP: 2/92 [Snorg (9)]
  7539 | D:10     | Mangled by Snorg

Skill      XL: |  1  2  3  4  5  6  7  8  9 10 |
---------------+-------------------------------+-----
Axes           | 3 4 5 7 8 9 10 11 | 11.9
Shields        | 6 7 9 |  9.8
Fighting       | 3 5 6 |  6.3
Invocations    | 2 5 |  5.0
Armour         | 4 |  4.4
Dodging        | |  0.1

Action                   |  1- 3 |  4- 6 |  7- 9 | 10-12 || total
-------------------------+-------+-------+-------+-------++-------
Melee: War axe           |   102 |   166 |   381 |   208 ||   857
       Unarmed           |       |       |     2 |       ||     2
 Fire: Hunting sling     |     1 |       |       |       ||     1
Invok: Lesser Servant of |       |       |       |     4 ||     4
 Abil: Heal Wounds       |     1 |     4 |     5 |     6 ||    16
  Use: Scroll            |       |     1 |       |       ||     1
  Eat: Chunk             |       |     3 |     9 |     2 ||    14
       Ration            |       |     1 |       |     2 ||     3
Armor: Scale mail        |    46 |    34 |       |       ||    80
       Chain mail        |       |    20 |   146 |   120 ||   286
Dodge: Dodged            |    38 |    42 |    59 |    86 ||   225
Block: Shield            |    58 |    73 |   203 |   171 ||   505
